 Dungeon Crawl Stone Soup version 0.25-a0-737-g26c3a87 (webtiles) character file.

Game seed: 16532359492946322006, levelgen mode: deterministic

189 BlueFish the Magician (level 5, -2/38 HPs)
             Began as a Mummy Wizard on Apr 12, 2020.
             Slain by a mummy (20 damage)
             ... in an ossuary.
             The game lasted 00:08:00 (4139 turns).

BlueFish the Magician (Mummy Wizard)                Turns: 4139, Time: 00:08:01

Health: -2/38      AC:  3    Str: 10    XL:     5   Next: 40%
Magic:  4/13       EV: 12    Int: 19    God:
Gold:   162        SH:  0    Dex: 10    Spells: 5/15 levels left

rFire    x . .     SeeInvis .   c - +0 quarterstaff
rCold    + + .     Gourm    .   (shield currently unavailable)
rNeg     + + +     Faith    .   a - +0 robe
rPois    ∞         Spirit   .   b - +0 hat
rElec    .         Reflect  .   (no cloak)
rCorr    .         Harm     .   (no gloves)
MR       .....                  f - +0 pair of boots
Stlth    ++........             (no amulet)
HPRegen  0.12/turn              e - ring of protection from cold
MPRegen  0.13/turn              (no ring)

@: marked, very slightly contaminated
A: no food or potions, fire vulnerability, cold resistance 1, negative energy
resistance 3, torment resistance, unbreathing
a: no special abilities


You were in an ossuary.
You were not hungry.

You visited 1 branch of the dungeon, and saw 4 of its levels.
You also visited: Ossuary.

You collected 162 gold pieces.

Inventory:

Hand Weapons
 c - a +0 quarterstaff (weapon)
Armour
 a - a +0 robe (worn)
 b - a +0 hat (worn)
 f - a +0 pair of boots (worn)
Jewellery
 e - a ring of protection from cold (left hand)
Scrolls
 d - 3 scrolls of remove curse
 g - 2 scrolls of enchant weapon {unknown}
 h - a scroll of identify
 i - 4 scrolls of teleportation


   Skills:
 * Level 2.1 Fighting
 + Level 0.3 Staves
 * Level 2.0 Dodging
 * Level 2.2 Stealth
 * Level 5.7 Spellcasting
 + Level 1.3 Conjurations
 + Level 1.2 Summonings
 + Level 0.7 Translocations


You had 5 spell levels left.
You knew the following spells:

 Your Spells              Type           Power        Failure   Level  Hunger
a - Magic Dart            Conj           ##..         7%          1    N/A
b - Blink                 Tloc           N/A          13%         2    N/A
c - Call Imp              Summ           ##......     11%         2    N/A
d - Slow                  Hex            #.......     17%         2    N/A
e - Mephitic Cloud        Conj/Pois/Air  #.......     28%         3    N/A

Your spell library contained the following spells:

 Spells                   Type           Power        Failure   Level  Hunger
 Conjure Flame            Conj/Fire      #.......     26%         3    N/A

Dungeon Overview and Level Annotations

Branches:
Dungeon (4/15)            Ossuary (1/1)
 Temple: D:4-7

Altars:
Elyvilon
Gozag
Nemelex Xobeh
Okawaru
Qazlal
Ru
Sif Muna
Trog
Wu Jian
Yredelemnul
Zin


Innate Abilities, Weirdness & Mutations

You do not eat or drink.
Your flesh is vulnerable to fire.
You are immune to poison.
Your flesh is cold resistant. (rC+)
You are immune to negative energy. (rN+++)
You are immune to unholy pain and torment.
You can survive without breathing.


Message History

Your crimson imp blinks!
Your crimson imp hits the mummy.
The mummy hits your white imp.
You hit the mummy.
The mummy is severely damaged.
Your white imp hits the mummy.
Your white imp freezes the mummy.
The mummy resists.
Your crimson imp barely misses the mummy.
The mummy hits you!!
Ouch! That really hurt!
Your white imp gestures at the mummy.
The puff of frost hits the mummy.
The mummy resists.
The mummy is destroyed!
Your Dodging skill increases to level 2!
You hit the mummy.
The mummy is moderately damaged.
Your crimson imp blinks!
Your white imp hits the mummy.
Your white imp freezes the mummy.
The mummy resists.
The mummy hits you!!
Ouch! That really hurt!
You die...

### !? !. .#
###+### .#
##.....## ##.+
##.......###M.#
#.........#§@5+
+....⌠....§...#
#.........#...+
#...^.5.###..#
##.....## ##.+
###'### .# #.#
5# ##.## ?.
#.∩^#


You could see a mummy, 2 friendly crimson imps and a friendly white imp.

Vanquished Creatures
  A howler monkey (D:3)
  2 adders (D:3)
  2 oozes (D:2)
  A dart slug (D:3)
  3 orcs (D:3)
  8 bats
  4 giant cockroaches
  5 hobgoblins
  6 frilled lizards
  5 goblins
  4 kobolds
41 creatures vanquished.

Vanquished Creatures (collateral kills)
  An orc priest (D:3)
  2 mummies
  3 adders (D:2)
  3 gnolls (D:3)
  A worm (D:2)
  An orc (D:3)
  3 hobgoblins
  A frilled lizard (D:3)
  4 kobolds
  A rat (D:1)
20 creatures vanquished.

Grand Total: 61 creatures vanquished

Notes
Turn   | Place    | Note
-------+----------+-------------------------------------------
     0 | D:1      | BlueFish the Mummy Wizard began the quest for the Orb.
     0 | D:1      | Reached XP level 1. HP: 13/13 MP: 5/5
   259 | D:1      | Reached XP level 2. HP: 20/20 MP: 0/7
   263 | D:1      | Learned a level 2 spell: Blink
   266 | D:1      | Learned a level 2 spell: Call Imp
   269 | D:1      | Learned a level 2 spell: Slow
  1014 | D:1      | Found an iron altar of Okawaru.
  1434 | D:2      | Reached skill level 1 in Fighting
  1568 | D:2      | Reached XP level 3. HP: 26/26 MP: 5/9
  1573 | D:2      | Learned a level 3 spell: Mephitic Cloud
  2008 | D:2      | Reached skill level 1 in Summonings
  2088 | D:2      | Found a basalt altar of Yredelemnul.
  2513 | D:3      | Reached skill level 5 in Spellcasting
  2513 | D:3      | Reached skill level 1 in Conjurations
  2588 | D:3      | Reached XP level 4. HP: 28/33 MP: 2/11
  3218 | D:3      | Found a glowing silver altar of Zin.
  3218 | D:3      | Found a white marble altar of Elyvilon.
  3220 | D:3      | Found an iron altar of Okawaru.
  3224 | D:3      | Found a sparkling altar of Nemelex Xobeh.
  3225 | D:3      | Found a shimmering blue altar of Sif Muna.
  3225 | D:3      | Found a basalt altar of Yredelemnul.
  3227 | D:3      | Found a bloodstained altar of Trog.
  3228 | D:3      | Found a stormy altar of Qazlal.
  3229 | D:3      | Found an ornate altar of the Wu Jian Council.
  3230 | D:3      | Found an opulent altar of Gozag.
  3377 | D:3      | Reached XP level 5. HP: 18/38 MP: 5/13
  3853 | D:3      | Found a sacrificial altar of Ru.
  4083 | D:4      | Found a sand-covered staircase.
  4098 | Ossuary  | Entered an ossuary
  4139 | Ossuary  | Slain by a mummy

Levels and vault maps discovered:
D:1:      wheals_arrival_linesprint, layout_rooms, kennysheep_flooded_box,
          serial_bayou_crossing
D:2:      layout_rooms, yredelemnul_altar_generic
D:3:      layout_loops_ring, minitemple, marbit_many_paths
D:4:      layout_loops_ring, first_ration, gup_ossuary_entry_pyramid,
          minivault_27
Ossuary:  ossuary_crypta

Skill      XL: |  1  2  3  4  5 |
---------------+----------------+-----
Fighting       | 1 2 |  2.1
Stealth        | 2 |  2.2
Summonings     | 1 |  1.2
Spellcasting   | 5 |  5.7
Conjurations   | 1 |  1.3
Dodging        | 2 |  2.0
Staves         | |  0.3
Translocations | |  0.7

Action                   |  1- 3 |  4- 6 || total
-------------------------+-------+-------++-------
Melee: Dagger            |     9 |       ||     9
       Spear             |     2 |       ||     2
       Quarterstaff      |    11 |    29 ||    40
 Cast: Magic Dart        |    78 |    26 ||   104
       Call Imp          |    14 |    11 ||    25
  Use: Scroll            |     5 |       ||     5
 Stab: Sleeping          |       |     1 ||     1
Armor: Robe              |     7 |     2 ||     9
Dodge: Dodged            |    38 |    13 ||    51

Table legend:
 A = Non-vault XP
 B = Vault XP
 C = Vault XP percentage of total XP
 D = Non-vault monster count
 E = Vault monster count
 F = Vault count percentage of total count
                 A         B        C        D         E       F
            +---------+---------+-------+---------+---------+-------
      Total |     240 |      30 |  11.1 |      58 |       3 |   4.9
            +---------+---------+-------+---------+---------+-------
        D:1 |      19 |       0 |   0.0 |      13 |       0 |   0.0
        D:2 |      58 |       0 |   0.0 |      18 |       0 |   0.0
        D:3 |     162 |       3 |   1.8 |      26 |       1 |   3.7
        D:4 |       1 |      13 |  92.9 |       1 |       1 |  50.0
    Ossuary |       0 |      14 | 100.0 |       0 |       1 | 100.0
            +---------+---------+-------+---------+---------+-------
